%YAML 1.1
%TAG !u! tag:unity3d.com,2011:
--- !u!1 &970892612
GameObject:
  m_ObjectHideFlags: 0
  m_CorrespondingSourceObject: {fileID: 0}
  m_PrefabInstance: {fileID: 0}
  m_PrefabAsset: {fileID: 0}
  serializedVersion: 6
  m_Component:
  - component: {fileID: 970892613}
  - component: {fileID: 970892614}
  m_Layer: 0
  m_Name: Box
  m_TagString: Untagged
  m_Icon: {fileID: 0}
  m_NavMeshLayer: 0
  m_StaticEditorFlags: 0
  m_IsActive: 1
--- !u!4 &970892613
Transform:
  m_ObjectHideFlags: 0
  m_CorrespondingSourceObject: {fileID: 0}
  m_PrefabInstance: {fileID: 0}
  m_PrefabAsset: {fileID: 0}
  m_GameObject: {fileID: 970892612}
  m_LocalRotation: {x: -0, y: -0.07886827, z: -0, w: 0.9968851}
  m_LocalPosition: {x: 1.092, y: 0, z: 0.6079998}
  m_LocalScale: {x: 1, y: 1, z: 1}
  m_Children: []
  m_Father: {fileID: 5498463595184409111}
  m_RootOrder: 6
  m_LocalEulerAnglesHint: {x: 0, y: -9.047001, z: 0}
--- !u!65 &970892614
BoxCollider:
  m_ObjectHideFlags: 0
  m_CorrespondingSourceObject: {fileID: 0}
  m_PrefabInstance: {fileID: 0}
  m_PrefabAsset: {fileID: 0}
  m_GameObject: {fileID: 970892612}
  m_Material: {fileID: 0}
  m_IsTrigger: 0
  m_Enabled: 1
  serializedVersion: 2
  m_Size: {x: 2.036481, y: 1, z: 0.8589292}
  m_Center: {x: 0.11301539, y: 0, z: -0.0705352}
--- !u!1 &1654745870876111251
GameObject:
  m_ObjectHideFlags: 0
  m_CorrespondingSourceObject: {fileID: 0}
  m_PrefabInstance: {fileID: 0}
  m_PrefabAsset: {fileID: 0}
  serializedVersion: 6
  m_Component:
  - component: {fileID: 5498463595184409111}
  m_Layer: 0
  m_Name: Panier et assiettes
  m_TagString: Untagged
  m_Icon: {fileID: 0}
  m_NavMeshLayer: 0
  m_StaticEditorFlags: 4294967295
  m_IsActive: 1
--- !u!4 &5498463595184409111
Transform:
  m_ObjectHideFlags: 0
  m_CorrespondingSourceObject: {fileID: 0}
  m_PrefabInstance: {fileID: 0}
  m_PrefabAsset: {fileID: 0}
  m_GameObject: {fileID: 1654745870876111251}
  m_LocalRotation: {x: 0, y: -0.066117205, z: 0, w: 0.9978119}
  m_LocalPosition: {x: 0.507, y: 0.19050312, z: -5.235}
  m_LocalScale: {x: 1, y: 1, z: 1}
  m_Children:
  - {fileID: 8551387288662327883}
  - {fileID: 8551387289519331093}
  - {fileID: 8551387288560115437}
  - {fileID: 8551387290321305572}
  - {fileID: 8551387288596117958}
  - {fileID: 7562460660301250047}
  - {fileID: 970892613}
  m_Father: {fileID: 0}
  m_RootOrder: 0
  m_LocalEulerAnglesHint: {x: 0, y: -7.5820003, z: 0}
--- !u!1001 &908612787454879770
PrefabInstance:
  m_ObjectHideFlags: 0
  serializedVersion: 2
  m_Modification:
    m_TransformParent: {fileID: 5498463595184409111}
    m_Modifications:
    - target: {fileID: 1600154101309478782, guid: 7e369c6eb312ad84bb3a3223a4c39d3b,
        type: 3}
      propertyPath: m_StaticEditorFlags
      value: 4294967295
      objectReference: {fileID: 0}
    - target: {fileID: 7055843313877604406, guid: 7e369c6eb312ad84bb3a3223a4c39d3b,
        type: 3}
      propertyPath: m_StaticEditorFlags
      value: 4294967295
      objectReference: {fileID: 0}
    - target: {fileID: 7237086014911485413, guid: 7e369c6eb312ad84bb3a3223a4c39d3b,
        type: 3}
      propertyPath: m_LocalPosition.x
      value: 1.0584822
      objectReference: {fileID: 0}
    - target: {fileID: 7237086014911485413, guid: 7e369c6eb312ad84bb3a3223a4c39d3b,
        type: 3}
      propertyPath: m_LocalPosition.y
      value: 0.68251127
      objectReference: {fileID: 0}
    - target: {fileID: 7237086014911485413, guid: 7e369c6eb312ad84bb3a3223a4c39d3b,
        type: 3}
      propertyPath: m_LocalPosition.z
      value: 0.7134794
      objectReference: {fileID: 0}
    - target: {fileID: 7237086014911485413, guid: 7e369c6eb312ad84bb3a3223a4c39d3b,
        type: 3}
      propertyPath: m_LocalRotation.x
      value: -0
      objectReference: {fileID: 0}
    - target: {fileID: 7237086014911485413, guid: 7e369c6eb312ad84bb3a3223a4c39d3b,
        type: 3}
      propertyPath: m_LocalRotation.y
      value: 0.066117376
      objectReference: {fileID: 0}
    - target: {fileID: 7237086014911485413, guid: 7e369c6eb312ad84bb3a3223a4c39d3b,
        type: 3}
      propertyPath: m_LocalRotation.z
      value: -0
      objectReference: {fileID: 0}
    - target: {fileID: 7237086014911485413, guid: 7e369c6eb312ad84bb3a3223a4c39d3b,
        type: 3}
      propertyPath: m_LocalRotation.w
      value: 0.99781185
      objectReference: {fileID: 0}
    - target: {fileID: 7237086014911485413, guid: 7e369c6eb312ad84bb3a3223a4c39d3b,
        type: 3}
      propertyPath: m_RootOrder
      value: 5
      objectReference: {fileID: 0}
    - target: {fileID: 7237086014911485413, guid: 7e369c6eb312ad84bb3a3223a4c39d3b,
        type: 3}
      propertyPath: m_LocalEulerAnglesHint.x
      value: 0
      objectReference: {fileID: 0}
    - target: {fileID: 7237086014911485413, guid: 7e369c6eb312ad84bb3a3223a4c39d3b,
        type: 3}
      propertyPath: m_LocalEulerAnglesHint.y
      value: 0
      objectReference: {fileID: 0}
    - target: {fileID: 7237086014911485413, guid: 7e369c6eb312ad84bb3a3223a4c39d3b,
        type: 3}
      propertyPath: m_LocalEulerAnglesHint.z
      value: 0
      objectReference: {fileID: 0}
    - target: {fileID: 8177265089296153627, guid: 7e369c6eb312ad84bb3a3223a4c39d3b,
        type: 3}
      propertyPath: m_StaticEditorFlags
      value: 4294967295
      objectReference: {fileID: 0}
    - target: {fileID: 8177265089670542861, guid: 7e369c6eb312ad84bb3a3223a4c39d3b,
        type: 3}
      propertyPath: m_StaticEditorFlags
      value: 4294967295
      objectReference: {fileID: 0}
    - target: {fileID: 8177265089909342620, guid: 7e369c6eb312ad84bb3a3223a4c39d3b,
        type: 3}
      propertyPath: m_StaticEditorFlags
      value: 4294967295
      objectReference: {fileID: 0}
    - target: {fileID: 8177265090578303371, guid: 7e369c6eb312ad84bb3a3223a4c39d3b,
        type: 3}
      propertyPath: m_StaticEditorFlags
      value: 4294967295
      objectReference: {fileID: 0}
    - target: {fileID: 8177265090922150357, guid: 7e369c6eb312ad84bb3a3223a4c39d3b,
        type: 3}
      propertyPath: m_StaticEditorFlags
      value: 4294967295
      objectReference: {fileID: 0}
    - target: {fileID: 8177265091001754023, guid: 7e369c6eb312ad84bb3a3223a4c39d3b,
        type: 3}
      propertyPath: m_StaticEditorFlags
      value: 4294967295
      objectReference: {fileID: 0}
    - target: {fileID: 8177265091080315488, guid: 7e369c6eb312ad84bb3a3223a4c39d3b,
        type: 3}
      propertyPath: m_StaticEditorFlags
      value: 4294967295
      objectReference: {fileID: 0}
    - target: {fileID: 8356718195549652370, guid: 7e369c6eb312ad84bb3a3223a4c39d3b,
        type: 3}
      propertyPath: m_Name
      value: Panier et Bouteilles
      objectReference: {fileID: 0}
    - target: {fileID: 8356718195549652370, guid: 7e369c6eb312ad84bb3a3223a4c39d3b,
        type: 3}
      propertyPath: m_StaticEditorFlags
      value: 4294967295
      objectReference: {fileID: 0}
    m_RemovedComponents: []
  m_SourcePrefab: {fileID: 100100000, guid: 7e369c6eb312ad84bb3a3223a4c39d3b, type: 3}
--- !u!4 &7562460660301250047 stripped
Transform:
  m_CorrespondingSourceObject: {fileID: 7237086014911485413, guid: 7e369c6eb312ad84bb3a3223a4c39d3b,
    type: 3}
  m_PrefabInstance: {fileID: 908612787454879770}
  m_PrefabAsset: {fileID: 0}
--- !u!1001 &8153230647680915471
PrefabInstance:
  m_ObjectHideFlags: 0
  serializedVersion: 2
  m_Modification:
    m_TransformParent: {fileID: 5498463595184409111}
    m_Modifications:
    - target: {fileID: -8679921383154817045, guid: 5d5681d5232e377418e919d4387f501f,
        type: 3}
      propertyPath: m_LocalPosition.x
      value: 0.091248535
      objectReference: {fileID: 0}
    - target: {fileID: -8679921383154817045, guid: 5d5681d5232e377418e919d4387f501f,
        type: 3}
      propertyPath: m_LocalPosition.y
      value: -0.059503123
      objectReference: {fileID: 0}
    - target: {fileID: -8679921383154817045, guid: 5d5681d5232e377418e919d4387f501f,
        type: 3}
      propertyPath: m_LocalPosition.z
      value: 0.67194796
      objectReference: {fileID: 0}
    - target: {fileID: -8679921383154817045, guid: 5d5681d5232e377418e919d4387f501f,
        type: 3}
      propertyPath: m_LocalRotation.x
      value: 0.36222592
      objectReference: {fileID: 0}
    - target: {fileID: -8679921383154817045, guid: 5d5681d5232e377418e919d4387f501f,
        type: 3}
      propertyPath: m_LocalRotation.y
      value: -0.3215006
      objectReference: {fileID: 0}
    - target: {fileID: -8679921383154817045, guid: 5d5681d5232e377418e919d4387f501f,
        type: 3}
      propertyPath: m_LocalRotation.z
      value: -0.64498305
      objectReference: {fileID: 0}
    - target: {fileID: -8679921383154817045, guid: 5d5681d5232e377418e919d4387f501f,
        type: 3}
      propertyPath: m_LocalRotation.w
      value: 0.5911233
      objectReference: {fileID: 0}
    - target: {fileID: -8679921383154817045, guid: 5d5681d5232e377418e919d4387f501f,
        type: 3}
      propertyPath: m_RootOrder
      value: 3
      objectReference: {fileID: 0}
    - target: {fileID: -8679921383154817045, guid: 5d5681d5232e377418e919d4387f501f,
        type: 3}
      propertyPath: m_LocalEulerAnglesHint.x
      value: 0.77400005
      objectReference: {fileID: 0}
    - target: {fileID: -8679921383154817045, guid: 5d5681d5232e377418e919d4387f501f,
        type: 3}
      propertyPath: m_LocalEulerAnglesHint.y
      value: -57.933002
      objectReference: {fileID: 0}
    - target: {fileID: -8679921383154817045, guid: 5d5681d5232e377418e919d4387f501f,
        type: 3}
      propertyPath: m_LocalEulerAnglesHint.z
      value: -95.41901
      objectReference: {fileID: 0}
    - target: {fileID: -8679921383154817045, guid: 5d5681d5232e377418e919d4387f501f,
        type: 3}
      propertyPath: m_LocalScale.x
      value: 0.008327199
      objectReference: {fileID: 0}
    - target: {fileID: -8679921383154817045, guid: 5d5681d5232e377418e919d4387f501f,
        type: 3}
      propertyPath: m_LocalScale.y
      value: 0.0083272
      objectReference: {fileID: 0}
    - target: {fileID: -8679921383154817045, guid: 5d5681d5232e377418e919d4387f501f,
        type: 3}
      propertyPath: m_LocalScale.z
      value: 0.0083272
      objectReference: {fileID: 0}
    - target: {fileID: -7511558181221131132, guid: 5d5681d5232e377418e919d4387f501f,
        type: 3}
      propertyPath: m_Materials.Array.data[0]
      value: 
      objectReference: {fileID: 2100000, guid: e5603f9c902723b498b2e97b11058ddf, type: 2}
    - target: {fileID: 919132149155446097, guid: 5d5681d5232e377418e919d4387f501f,
        type: 3}
      propertyPath: m_Name
      value: Vase_3
      objectReference: {fileID: 0}
    - target: {fileID: 919132149155446097, guid: 5d5681d5232e377418e919d4387f501f,
        type: 3}
      propertyPath: m_StaticEditorFlags
      value: 4294967295
      objectReference: {fileID: 0}
    m_RemovedComponents: []
  m_SourcePrefab: {fileID: 100100000, guid: 5d5681d5232e377418e919d4387f501f, type: 3}
--- !u!4 &8551387290321305572 stripped
Transform:
  m_CorrespondingSourceObject: {fileID: -8679921383154817045, guid: 5d5681d5232e377418e919d4387f501f,
    type: 3}
  m_PrefabInstance: {fileID: 8153230647680915471}
  m_PrefabAsset: {fileID: 0}
--- !u!1001 &8153230648474759422
PrefabInstance:
  m_ObjectHideFlags: 0
  serializedVersion: 2
  m_Modification:
    m_TransformParent: {fileID: 5498463595184409111}
    m_Modifications:
    - target: {fileID: -8679921383154817045, guid: 7afed8c2c89896b47b9006a61318d21d,
        type: 3}
      propertyPath: m_LocalPosition.x
      value: 1.736
      objectReference: {fileID: 0}
    - target: {fileID: -8679921383154817045, guid: 7afed8c2c89896b47b9006a61318d21d,
        type: 3}
      propertyPath: m_LocalPosition.y
      value: 1.4604969
      objectReference: {fileID: 0}
    - target: {fileID: -8679921383154817045, guid: 7afed8c2c89896b47b9006a61318d21d,
        type: 3}
      propertyPath: m_LocalPosition.z
      value: 0.323
      objectReference: {fileID: 0}
    - target: {fileID: -8679921383154817045, guid: 7afed8c2c89896b47b9006a61318d21d,
        type: 3}
      propertyPath: m_LocalRotation.x
      value: 0.007687571
      objectReference: {fileID: 0}
    - target: {fileID: -8679921383154817045, guid: 7afed8c2c89896b47b9006a61318d21d,
        type: 3}
      propertyPath: m_LocalRotation.y
      value: 0.57494247
      objectReference: {fileID: 0}
    - target: {fileID: -8679921383154817045, guid: 7afed8c2c89896b47b9006a61318d21d,
        type: 3}
      propertyPath: m_LocalRotation.z
      value: -0.0079400055
      objectReference: {fileID: 0}
    - target: {fileID: -8679921383154817045, guid: 7afed8c2c89896b47b9006a61318d21d,
        type: 3}
      propertyPath: m_LocalRotation.w
      value: 0.8181192
      objectReference: {fileID: 0}
    - target: {fileID: -8679921383154817045, guid: 7afed8c2c89896b47b9006a61318d21d,
        type: 3}
      propertyPath: m_RootOrder
      value: 1
      objectReference: {fileID: 0}
    - target: {fileID: -8679921383154817045, guid: 7afed8c2c89896b47b9006a61318d21d,
        type: 3}
      propertyPath: m_LocalEulerAnglesHint.x
      value: 1.2440001
      objectReference: {fileID: 0}
    - target: {fileID: -8679921383154817045, guid: 7afed8c2c89896b47b9006a61318d21d,
        type: 3}
      propertyPath: m_LocalEulerAnglesHint.y
      value: 70.194
      objectReference: {fileID: 0}
    - target: {fileID: -8679921383154817045, guid: 7afed8c2c89896b47b9006a61318d21d,
        type: 3}
      propertyPath: m_LocalEulerAnglesHint.z
      value: -0.238
      objectReference: {fileID: 0}
    - target: {fileID: -7519754294240643904, guid: 7afed8c2c89896b47b9006a61318d21d,
        type: 3}
      propertyPath: m_StaticEditorFlags
      value: 4294967295
      objectReference: {fileID: 0}
    - target: {fileID: -6867817067360422807, guid: 7afed8c2c89896b47b9006a61318d21d,
        type: 3}
      propertyPath: m_StaticEditorFlags
      value: 4294967295
      objectReference: {fileID: 0}
    - target: {fileID: -4716328850735390452, guid: 7afed8c2c89896b47b9006a61318d21d,
        type: 3}
      propertyPath: m_StaticEditorFlags
      value: 4294967295
      objectReference: {fileID: 0}
    - target: {fileID: -2615453208677245630, guid: 7afed8c2c89896b47b9006a61318d21d,
        type: 3}
      propertyPath: m_StaticEditorFlags
      value: 4294967295
      objectReference: {fileID: 0}
    - target: {fileID: -8140499575222096, guid: 7afed8c2c89896b47b9006a61318d21d,
        type: 3}
      propertyPath: m_StaticEditorFlags
      value: 4294967295
      objectReference: {fileID: 0}
    - target: {fileID: 919132149155446097, guid: 7afed8c2c89896b47b9006a61318d21d,
        type: 3}
      propertyPath: m_Name
      value: Assiette_Decor
      objectReference: {fileID: 0}
    - target: {fileID: 919132149155446097, guid: 7afed8c2c89896b47b9006a61318d21d,
        type: 3}
      propertyPath: m_StaticEditorFlags
      value: 4294967295
      objectReference: {fileID: 0}
    - target: {fileID: 2869344807088711131, guid: 7afed8c2c89896b47b9006a61318d21d,
        type: 3}
      propertyPath: m_Materials.Array.data[0]
      value: 
      objectReference: {fileID: 2100000, guid: 7bd08967ae4da66478e692fdbc14877b, type: 2}
    - target: {fileID: 3779745573541866595, guid: 7afed8c2c89896b47b9006a61318d21d,
        type: 3}
      propertyPath: m_StaticEditorFlags
      value: 4294967295
      objectReference: {fileID: 0}
    - target: {fileID: 6085036178219441596, guid: 7afed8c2c89896b47b9006a61318d21d,
        type: 3}
      propertyPath: m_StaticEditorFlags
      value: 4294967295
      objectReference: {fileID: 0}
    m_RemovedComponents: []
  m_SourcePrefab: {fileID: 100100000, guid: 7afed8c2c89896b47b9006a61318d21d, type: 3}
--- !u!4 &8551387289519331093 stripped
Transform:
  m_CorrespondingSourceObject: {fileID: -8679921383154817045, guid: 7afed8c2c89896b47b9006a61318d21d,
    type: 3}
  m_PrefabInstance: {fileID: 8153230648474759422}
  m_PrefabAsset: {fileID: 0}
--- !u!1001 &8153230649365308832
PrefabInstance:
  m_ObjectHideFlags: 0
  serializedVersion: 2
  m_Modification:
    m_TransformParent: {fileID: 5498463595184409111}
    m_Modifications:
    - target: {fileID: -8679921383154817045, guid: 7afed8c2c89896b47b9006a61318d21d,
        type: 3}
      propertyPath: m_LocalPosition.x
      value: 0.942
      objectReference: {fileID: 0}
    - target: {fileID: -8679921383154817045, guid: 7afed8c2c89896b47b9006a61318d21d,
        type: 3}
      propertyPath: m_LocalPosition.y
      value: 1.0594969
      objectReference: {fileID: 0}
    - target: {fileID: -8679921383154817045, guid: 7afed8c2c89896b47b9006a61318d21d,
        type: 3}
      propertyPath: m_LocalPosition.z
      value: 0.114
      objectReference: {fileID: 0}
    - target: {fileID: -8679921383154817045, guid: 7afed8c2c89896b47b9006a61318d21d,
        type: 3}
      propertyPath: m_LocalRotation.x
      value: 0.008077178
      objectReference: {fileID: 0}
    - target: {fileID: -8679921383154817045, guid: 7afed8c2c89896b47b9006a61318d21d,
        type: 3}
      propertyPath: m_LocalRotation.y
      value: 0.7138481
      objectReference: {fileID: 0}
    - target: {fileID: -8679921383154817045, guid: 7afed8c2c89896b47b9006a61318d21d,
        type: 3}
      propertyPath: m_LocalRotation.z
      value: -0.0075433166
      objectReference: {fileID: 0}
    - target: {fileID: -8679921383154817045, guid: 7afed8c2c89896b47b9006a61318d21d,
        type: 3}
      propertyPath: m_LocalRotation.w
      value: 0.70021343
      objectReference: {fileID: 0}
    - target: {fileID: -8679921383154817045, guid: 7afed8c2c89896b47b9006a61318d21d,
        type: 3}
      propertyPath: m_RootOrder
      value: 0
      objectReference: {fileID: 0}
    - target: {fileID: -8679921383154817045, guid: 7afed8c2c89896b47b9006a61318d21d,
        type: 3}
      propertyPath: m_LocalEulerAnglesHint.x
      value: 1.2650001
      objectReference: {fileID: 0}
    - target: {fileID: -8679921383154817045, guid: 7afed8c2c89896b47b9006a61318d21d,
        type: 3}
      propertyPath: m_LocalEulerAnglesHint.y
      value: 91.105
      objectReference: {fileID: 0}
    - target: {fileID: -8679921383154817045, guid: 7afed8c2c89896b47b9006a61318d21d,
        type: 3}
      propertyPath: m_LocalEulerAnglesHint.z
      value: 0.055000003
      objectReference: {fileID: 0}
    - target: {fileID: -7519754294240643904, guid: 7afed8c2c89896b47b9006a61318d21d,
        type: 3}
      propertyPath: m_StaticEditorFlags
      value: 4294967295
      objectReference: {fileID: 0}
    - target: {fileID: -6867817067360422807, guid: 7afed8c2c89896b47b9006a61318d21d,
        type: 3}
      propertyPath: m_StaticEditorFlags
      value: 4294967295
      objectReference: {fileID: 0}
    - target: {fileID: -4716328850735390452, guid: 7afed8c2c89896b47b9006a61318d21d,
        type: 3}
      propertyPath: m_StaticEditorFlags
      value: 4294967295
      objectReference: {fileID: 0}
    - target: {fileID: -2615453208677245630, guid: 7afed8c2c89896b47b9006a61318d21d,
        type: 3}
      propertyPath: m_StaticEditorFlags
      value: 4294967295
      objectReference: {fileID: 0}
    - target: {fileID: -8140499575222096, guid: 7afed8c2c89896b47b9006a61318d21d,
        type: 3}
      propertyPath: m_StaticEditorFlags
      value: 4294967295
      objectReference: {fileID: 0}
    - target: {fileID: 919132149155446097, guid: 7afed8c2c89896b47b9006a61318d21d,
        type: 3}
      propertyPath: m_Name
      value: Assiette_Decor (1)
      objectReference: {fileID: 0}
    - target: {fileID: 919132149155446097, guid: 7afed8c2c89896b47b9006a61318d21d,
        type: 3}
      propertyPath: m_StaticEditorFlags
      value: 4294967295
      objectReference: {fileID: 0}
    - target: {fileID: 2869344807088711131, guid: 7afed8c2c89896b47b9006a61318d21d,
        type: 3}
      propertyPath: m_Materials.Array.data[0]
      value: 
      objectReference: {fileID: 2100000, guid: c6dadcf21da3b2c40bd5dd47a8f23151, type: 2}
    - target: {fileID: 3779745573541866595, guid: 7afed8c2c89896b47b9006a61318d21d,
        type: 3}
      propertyPath: m_StaticEditorFlags
      value: 4294967295
      objectReference: {fileID: 0}
    - target: {fileID: 6085036178219441596, guid: 7afed8c2c89896b47b9006a61318d21d,
        type: 3}
      propertyPath: m_StaticEditorFlags
      value: 4294967295
      objectReference: {fileID: 0}
    m_RemovedComponents: []
  m_SourcePrefab: {fileID: 100100000, guid: 7afed8c2c89896b47b9006a61318d21d, type: 3}
--- !u!4 &8551387288662327883 stripped
Transform:
  m_CorrespondingSourceObject: {fileID: -8679921383154817045, guid: 7afed8c2c89896b47b9006a61318d21d,
    type: 3}
  m_PrefabInstance: {fileID: 8153230649365308832}
  m_PrefabAsset: {fileID: 0}
--- !u!1001 &8153230649431596589
PrefabInstance:
  m_ObjectHideFlags: 0
  serializedVersion: 2
  m_Modification:
    m_TransformParent: {fileID: 5498463595184409111}
    m_Modifications:
    - target: {fileID: -8679921383154817045, guid: 4c40f4caccb964043ae79160b82ee211,
        type: 3}
      propertyPath: m_LocalPosition.x
      value: 0.41624853
      objectReference: {fileID: 0}
    - target: {fileID: -8679921383154817045, guid: 4c40f4caccb964043ae79160b82ee211,
        type: 3}
      propertyPath: m_LocalPosition.y
      value: -0.19050312
      objectReference: {fileID: 0}
    - target: {fileID: -8679921383154817045, guid: 4c40f4caccb964043ae79160b82ee211,
        type: 3}
      propertyPath: m_LocalPosition.z
      value: 0.54994774
      objectReference: {fileID: 0}
    - target: {fileID: -8679921383154817045, guid: 4c40f4caccb964043ae79160b82ee211,
        type: 3}
      propertyPath: m_LocalRotation.x
      value: -0
      objectReference: {fileID: 0}
    - target: {fileID: -8679921383154817045, guid: 4c40f4caccb964043ae79160b82ee211,
        type: 3}
      propertyPath: m_LocalRotation.y
      value: -0
      objectReference: {fileID: 0}
    - target: {fileID: -8679921383154817045, guid: 4c40f4caccb964043ae79160b82ee211,
        type: 3}
      propertyPath: m_LocalRotation.z
      value: -0
      objectReference: {fileID: 0}
    - target: {fileID: -8679921383154817045, guid: 4c40f4caccb964043ae79160b82ee211,
        type: 3}
      propertyPath: m_LocalRotation.w
      value: 1
      objectReference: {fileID: 0}
    - target: {fileID: -8679921383154817045, guid: 4c40f4caccb964043ae79160b82ee211,
        type: 3}
      propertyPath: m_RootOrder
      value: 4
      objectReference: {fileID: 0}
    - target: {fileID: -8679921383154817045, guid: 4c40f4caccb964043ae79160b82ee211,
        type: 3}
      propertyPath: m_LocalEulerAnglesHint.x
      value: 0
      objectReference: {fileID: 0}
    - target: {fileID: -8679921383154817045, guid: 4c40f4caccb964043ae79160b82ee211,
        type: 3}
      propertyPath: m_LocalEulerAnglesHint.y
      value: 0
      objectReference: {fileID: 0}
    - target: {fileID: -8679921383154817045, guid: 4c40f4caccb964043ae79160b82ee211,
        type: 3}
      propertyPath: m_LocalEulerAnglesHint.z
      value: 0
      objectReference: {fileID: 0}
    - target: {fileID: -8679921383154817045, guid: 4c40f4caccb964043ae79160b82ee211,
        type: 3}
      propertyPath: m_LocalScale.x
      value: 0.0074436995
      objectReference: {fileID: 0}
    - target: {fileID: -8679921383154817045, guid: 4c40f4caccb964043ae79160b82ee211,
        type: 3}
      propertyPath: m_LocalScale.y
      value: 0.0074436995
      objectReference: {fileID: 0}
    - target: {fileID: -8679921383154817045, guid: 4c40f4caccb964043ae79160b82ee211,
        type: 3}
      propertyPath: m_LocalScale.z
      value: 0.0074436995
      objectReference: {fileID: 0}
    - target: {fileID: -7511558181221131132, guid: 4c40f4caccb964043ae79160b82ee211,
        type: 3}
      propertyPath: m_Materials.Array.data[0]
      value: 
      objectReference: {fileID: 2100000, guid: 99a60eb7b52bdf04b84abd7e80c89049, type: 2}
    - target: {fileID: 919132149155446097, guid: 4c40f4caccb964043ae79160b82ee211,
        type: 3}
      propertyPath: m_Name
      value: Vase_4
      objectReference: {fileID: 0}
    - target: {fileID: 919132149155446097, guid: 4c40f4caccb964043ae79160b82ee211,
        type: 3}
      propertyPath: m_StaticEditorFlags
      value: 4294967295
      objectReference: {fileID: 0}
    m_RemovedComponents: []
  m_SourcePrefab: {fileID: 100100000, guid: 4c40f4caccb964043ae79160b82ee211, type: 3}
--- !u!4 &8551387288596117958 stripped
Transform:
  m_CorrespondingSourceObject: {fileID: -8679921383154817045, guid: 4c40f4caccb964043ae79160b82ee211,
    type: 3}
  m_PrefabInstance: {fileID: 8153230649431596589}
  m_PrefabAsset: {fileID: 0}
--- !u!1001 &8153230649475987718
PrefabInstance:
  m_ObjectHideFlags: 0
  serializedVersion: 2
  m_Modification:
    m_TransformParent: {fileID: 5498463595184409111}
    m_Modifications:
    - target: {fileID: -9071617601705694992, guid: 3b62e0a96892f2d4f9eb8a06359a99ea,
        type: 3}
      propertyPath: m_StaticEditorFlags
      value: 4294967295
      objectReference: {fileID: 0}
    - target: {fileID: -8679921383154817045, guid: 3b62e0a96892f2d4f9eb8a06359a99ea,
        type: 3}
      propertyPath: m_LocalPosition.x
      value: 1.9052485
      objectReference: {fileID: 0}
    - target: {fileID: -8679921383154817045, guid: 3b62e0a96892f2d4f9eb8a06359a99ea,
        type: 3}
      propertyPath: m_LocalPosition.y
      value: -0.19050312
      objectReference: {fileID: 0}
    - target: {fileID: -8679921383154817045, guid: 3b62e0a96892f2d4f9eb8a06359a99ea,
        type: 3}
      propertyPath: m_LocalPosition.z
      value: 0.97094774
      objectReference: {fileID: 0}
    - target: {fileID: -8679921383154817045, guid: 3b62e0a96892f2d4f9eb8a06359a99ea,
        type: 3}
      propertyPath: m_LocalRotation.x
      value: -0
      objectReference: {fileID: 0}
    - target: {fileID: -8679921383154817045, guid: 3b62e0a96892f2d4f9eb8a06359a99ea,
        type: 3}
      propertyPath: m_LocalRotation.y
      value: 0.21046996
      objectReference: {fileID: 0}
    - target: {fileID: -8679921383154817045, guid: 3b62e0a96892f2d4f9eb8a06359a99ea,
        type: 3}
      propertyPath: m_LocalRotation.z
      value: -0
      objectReference: {fileID: 0}
    - target: {fileID: -8679921383154817045, guid: 3b62e0a96892f2d4f9eb8a06359a99ea,
        type: 3}
      propertyPath: m_LocalRotation.w
      value: 0.9776004
      objectReference: {fileID: 0}
    - target: {fileID: -8679921383154817045, guid: 3b62e0a96892f2d4f9eb8a06359a99ea,
        type: 3}
      propertyPath: m_RootOrder
      value: 2
      objectReference: {fileID: 0}
    - target: {fileID: -8679921383154817045, guid: 3b62e0a96892f2d4f9eb8a06359a99ea,
        type: 3}
      propertyPath: m_LocalEulerAnglesHint.x
      value: 0
      objectReference: {fileID: 0}
    - target: {fileID: -8679921383154817045, guid: 3b62e0a96892f2d4f9eb8a06359a99ea,
        type: 3}
      propertyPath: m_LocalEulerAnglesHint.y
      value: 24.300001
      objectReference: {fileID: 0}
    - target: {fileID: -8679921383154817045, guid: 3b62e0a96892f2d4f9eb8a06359a99ea,
        type: 3}
      propertyPath: m_LocalEulerAnglesHint.z
      value: 0
      objectReference: {fileID: 0}
    - target: {fileID: -6440806897559176151, guid: 3b62e0a96892f2d4f9eb8a06359a99ea,
        type: 3}
      propertyPath: m_StaticEditorFlags
      value: 4294967295
      objectReference: {fileID: 0}
    - target: {fileID: -5494198939458494505, guid: 3b62e0a96892f2d4f9eb8a06359a99ea,
        type: 3}
      propertyPath: m_Materials.Array.data[0]
      value: 
      objectReference: {fileID: 2100000, guid: ef5ee82517c7ac349a50d0f159d52098, type: 2}
    - target: {fileID: -1755410418267618080, guid: 3b62e0a96892f2d4f9eb8a06359a99ea,
        type: 3}
      propertyPath: m_Materials.Array.data[0]
      value: 
      objectReference: {fileID: 2100000, guid: 02066be854fdcde4489b8b34d56daf4d, type: 2}
    - target: {fileID: 24305046680858818, guid: 3b62e0a96892f2d4f9eb8a06359a99ea,
        type: 3}
      propertyPath: m_Materials.Array.data[0]
      value: 
      objectReference: {fileID: 2100000, guid: b55b4a5c0d7216d4a8508fba0d923dd2, type: 2}
    - target: {fileID: 919132149155446097, guid: 3b62e0a96892f2d4f9eb8a06359a99ea,
        type: 3}
      propertyPath: m_Name
      value: PileLivres2
      objectReference: {fileID: 0}
    - target: {fileID: 919132149155446097, guid: 3b62e0a96892f2d4f9eb8a06359a99ea,
        type: 3}
      propertyPath: m_StaticEditorFlags
      value: 4294967295
      objectReference: {fileID: 0}
    - target: {fileID: 2722499621679022360, guid: 3b62e0a96892f2d4f9eb8a06359a99ea,
        type: 3}
      propertyPath: m_Materials.Array.data[0]
      value: 
      objectReference: {fileID: 2100000, guid: 5c7d442e55a6ed444ab8f9fa67015cc4, type: 2}
    - target: {fileID: 2880111667961898729, guid: 3b62e0a96892f2d4f9eb8a06359a99ea,
        type: 3}
      propertyPath: m_StaticEditorFlags
      value: 4294967295
      objectReference: {fileID: 0}
    - target: {fileID: 3506993671289585939, guid: 3b62e0a96892f2d4f9eb8a06359a99ea,
        type: 3}
      propertyPath: m_StaticEditorFlags
      value: 4294967295
      objectReference: {fileID: 0}
    - target: {fileID: 5364707301563937973, guid: 3b62e0a96892f2d4f9eb8a06359a99ea,
        type: 3}
      propertyPath: m_StaticEditorFlags
      value: 4294967295
      objectReference: {fileID: 0}
    - target: {fileID: 6453551922189981779, guid: 3b62e0a96892f2d4f9eb8a06359a99ea,
        type: 3}
      propertyPath: m_Materials.Array.data[0]
      value: 
      objectReference: {fileID: 2100000, guid: 4cb3c88ace2cce847b17872fed4e404e, type: 2}
    m_RemovedComponents: []
  m_SourcePrefab: {fileID: 100100000, guid: 3b62e0a96892f2d4f9eb8a06359a99ea, type: 3}
--- !u!4 &8551387288560115437 stripped
Transform:
  m_CorrespondingSourceObject: {fileID: -8679921383154817045, guid: 3b62e0a96892f2d4f9eb8a06359a99ea,
    type: 3}
  m_PrefabInstance: {fileID: 8153230649475987718}
  m_PrefabAsset: {fileID: 0}
